 Dungeon Sprint DCSS version 0.31-a0-799-g6bc09d010c (webtiles) character file.

Game seed: 8250676101994061481

8663 sircluck the Brawler (level 11, -4/192 HPs)
             Began as a Troll Berserker on Sept 19, 2023.
             Was a High Priest of Trog.
             Slain by an azure jelly (7 damage)
             ... in the Dungeon (Sprint III: "The Ten Rune Challenge").
             The game lasted 00:03:10 (988 turns).

sircluck the Brawler (Troll Berserker)               Turns: 988, Time: 00:03:10

Health: -4/192     AC:  7    Str: 31    XL:     11   Next: 12%
Magic:  10/10      EV: 13    Int:  3    God:    Trog [*****.]
Gold:   46         SH:  0    Dex:  9    Spells: 10/10 levels left

rFire   . .          .
                       - Unarmed
rCold   + . .        (no shield)
rNeg    . . .        m - +1 robe {rC+}
rPois   .            p - +2 hat {Will+}
rElec   .            (no cloak)
rCorr   .            (gloves unavailable)
SInv    .            (boots unavailable)
Will    +....        (no amulet) Stlth
                     (no ring)
HPRegen 1.32/turn    (no ring)
MPRegen 0.12/turn

%: no teleportation
@: berserking, very quick
A: large, unfitting armour, claws 3, regeneration 1, shaggy fur 1, tough skin 1
a: Renounce Religion, Berserk, Trog's Hand, Brothers in Arms


You were in the Dungeon.
You worshipped Trog.
Trog was extremely pleased with you.
You visited 1 branch You collected 46 gold pieces.

Inventory:

Missiles
 s - 5 stones
Armour
 a - a +0 animal skin
 m - a +1 robe of cold resistance (worn)
 p - a +2 hat of willpower (worn)
Jewellery
 q - a ring of poison resistance
Wands
 n - a wand of polymorph (7)
 o - a wand of charming (4)
Scrolls
 g - a scroll of blinking
 i - 2 scrolls of torment {unknown}
 j - 2 scrolls of identify {unknown}
Potions
 b - 2 potions of curing
 c - a potion of heal wounds
 d - 2 potions of haste
 e - 2 potions of magic
 f - 2 potions of berserk rage
 h - 3 potions of mutation {unknown}
 k - a potion of invisibility {unknown}
 l - a potion of enlightenment {unknown}
 r - 2 potions of brilliance {unknown}


   Skills:
 + Level 13.8 Fighting
 + Level 13.6 Dodging
 + Level 16.0 Unarmed Combat


You had 10 spell levels left.
You didn't know any spells.
Your spell library was empty.

Dungeon Overview and Level Annotations

Branches:
Dungeon (1/1)

Altars:
Cheibriados
Dithmenos
Elyvilon
Fedhas
Gozag
Hepliaklqana
Kikubaaqudgha
Makhleb
Nemelex Xobeh
Okawaru
Qazlal
Ru
Sif Muna
Trog
Uskayaw
Vehumet
Wu Jian
Xom
Yredelemnul
Zin
The Shining One
Jiyva
Lugonu


Innate Abilities, Weirdness & Mutations

You are too large for most types of armour.
You have claws for hands.
Your natural rate of healing is unusually fast.
You are covered in fur. (AC +1)
You have tough skin. (AC +1)


Message History

A red film seems to cover your vision as you go berserk!
You feel yourself moving faster!
You feel mighty! The azure jelly hits your ogre.
The azure jelly freezes your ogre!! The azure jelly hits your ogre.
The azure jelly freezes your ogre!!
Your ogre dies!
Your ogre's corpse disappears in a puff of smoke!
The azure jelly hits you. The azure jelly freezes you! You resist.
The azure jelly hits you but does no damage.
The azure jelly hits you.
The azure jelly hits you but does no damage.
The azure jelly barely misses you.
The azure jelly hits you but does no damage.
The azure jelly hits you!
* * * LOW HITPOINT WARNING * * *
The azure jelly hits you.
* * * LOW HITPOINT WARNING * * *
You barely miss the azure jelly. The azure jelly barely misses you. x3
The azure jelly closely misses you.
You mangle the azure jelly!!
The azure jelly is moderately wounded.
The azure jelly hits you but does no damage.
The azure jelly barely misses you. The azure jelly hits you.
* * * LOW HITPOINT WARNING * * *
The azure jelly hits you but does no damage.
You barely miss the azure jelly. You claw the azure jelly!!
The azure jelly is heavily wounded.
The azure jelly closely misses you. The azure jelly hits you.
* * * LOW HITPOINT WARNING * * *
The azure jelly freezes you!! You resist.
* * * LOW HITPOINT WARNING * * *
The azure jelly barely misses you. The azure jelly hits you.
* * * LOW HITPOINT WARNING * * *
You closely miss the azure jelly.
The azure jelly is heavily wounded.
The azure jelly barely misses you. The azure jelly hits you!
* * * LOW HITPOINT WARNING * * *
The azure jelly freezes you! You resist.
* * * LOW HITPOINT WARNING * * *
The azure jelly hits you!
You die...

▓'#####...........#))
▓.................#__
▓▓▓▓▓▓▓▓▓▓▓▓▓▓▓▓▓▓▓▓▓
▓..)'≈~≈≈§.†~.♣♣....
▓..†#~≈~§§§†)~♣♣.≈≈≈
▓...#≈~§§§§†≈~~'....
▓...#≈≈~§§§§≈.♣♣♣♣♣♣
▓...#~~≈.≈≈~≈≈♣
▓##@####+######
▓JJJ.......
▓#J######## ...#
▓...+ ▓...# ▓...#~
#+####


You could see 4 azure jellies.

Vanquished Creatures
  Gastronok (D)
  2 dire elephants (D)
  Josephine (D)
  A centaur warrior (D)
  A deep elf pyromancer (D)
  An elephant (D)
  2 cane toads (D)
  An unseen horror (D)
  A rime drake (D)
  A komodo dragon (D)
  3 wandering mushrooms (D)
  5 blink frogs (D)
  A shadow (D)
  A spatial vortex (D)
  A swamp drake (D)
  2 centaurs (D)
  An earth elemental (D)
  A water elemental (D)
  A necrophage (D)
  A jelly (D)
  Jessica (D)
  A wizard (D)
  A necromancer (D)
  3 humans (D)
  A kobold demonologist (D)
  A phantom (D)
  2 endoplasms (D)
  A rat (D)
40 creatures vanquished.

Vanquished Creatures (collateral kills)
  An elephant (D)
1 creature vanquished.

Vanquished Creatures (others)
  A ballistomycete spore (D)
1 creature vanquished.

Grand Total: 42 creatures vanquished

Notes
Turn   | Place    | Note
-------+----------+-------------------------------------------
     0 | D        | sircluck the Troll Berserker began the quest for the Orb.
     0 | D        | Reached XP level 1. HP: 22/22 MP: 0/0
    11 | D        | Noticed Jessica
    12 | D        | Reached ** piety under Trog
    14 | D        | Killed Jessica
    15 | D        | Reached skill level 4 in Unarmed Combat
    15 | D        | Reached XP level 2. HP: 32/32 MP: 1/1
    15 | D        | Reached XP level 3. HP: 39/39 MP: 2/2
    35 | D        | Reached skill level 5 in Unarmed Combat
    53 | D        | Reached *** piety under Trog
    85 | D        | Noticed a water elemental
    88 | D        | Killed a water elemental
    89 | D        | Reached skill level 5 in Fighting
    89 | D        | Reached skill level 5 in Dodging
    89 | D        | Reached skill level 6 in Unarmed Combat
    89 | D        | Reached XP level 4. HP: 50/50 MP: 3/3
   139 | D        | Noticed a shadow
   147 | D        | Killed a shadow
   148 | D        | Reached skill level 7 in Unarmed Combat
   148 | D        | Reached XP level 5. HP: 13/61 MP: 4/4
   148 | D        | Reached XP level 6. HP: 15/68 MP: 5/5
   150 | D        | Reached skill level 8 in Unarmed Combat
   204 | D        | Noticed Josephine
   210 | D        | Killed Josephine
   210 | D        | Reached **** piety under Trog
   211 | D        | Reached skill level 10 in Unarmed Combat
   211 | D        | Reached XP level 7. HP: 81/81 MP: 6/6
   247 | D        | Found a blossoming altar of Fedhas.
   247 | D        | Found a stormy altar of Qazlal.
   247 | D        | Found a snail-covered altar of Cheibriados.
   247 | D        | Found a burning altar of Makhleb.
   247 | D        | Found a shimmering altar of Xom.
   248 | D        | Found a hazy altar of Hepliaklqana.
   248 | D        | Found an opulent altar of Gozag.
   248 | D        | Found a sparkling altar of Nemelex Xobeh.
   248 | D        | Found a corrupted altar of Lugonu.
   248 | D        | Found a viscous altar of Jiyva.
   248 | D        | Noticed a spatial vortex
   256 | D        | Killed a spatial vortex
   257 | D        | Reached XP level 8. HP: 92/92 MP: 7/7
   275 | D        | Found a basalt altar of Yredelemnul.
   275 | D        | Found a shadowy altar of Dithmenos.
   275 | D        | Found a sacrificial altar of Ru.
   279 | D        | Reached ***** piety under Trog
   309 | D        | Found a radiant altar of Vehumet.
   309 | D        | Found a shimmering blue altar of Sif Muna.
   309 | D        | Found an ancient bone altar of Kikubaaqudgha.
   313 | D        | Received a gift from Trog
   368 | D        | Found a glowing silver altar of Zin.
   368 | D        | Found a glowing golden altar of the Shining One.
   368 | D        | Found a white marble altar of Elyvilon.
   369 | D        | Noticed a deep elf pyromancer
   372 | D        | Killed a deep elf pyromancer
   373 | D        | Reached skill level 11 in Unarmed Combat
   385 | D        | Found a hide-covered altar of Uskayaw.
   385 | D        | Found an iron altar of Okawaru.
   385 | D        | Found a bloodstained altar of Trog.
   385 | D        | Found an ornate altar of the Wu Jian Council.
   389 | D        | Reached skill level 10 in Fighting
   389 | D        | Reached skill level 10 in Dodging
   395 | D        | Reached skill level 12 in Unarmed Combat
   497 | D        | Noticed a centaur warrior
   501 | D        | Received a gift from Trog
   502 | D        | Reached XP level 9. HP: 89/102 MP: 8/8
   507 | D        | Killed a centaur warrior
   583 | D        | Killed an unseen horror
   584 | D        | Reached skill level 13 in Unarmed Combat
   644 | D        | Noticed a wandering mushroom
   650 | D        | Noticed a wandering mushroom
   652 | D        | Noticed a wandering mushroom
   654 | D        | Killed a wandering mushroom
   662 | D        | Killed a wandering mushroom
   662 | D        | Identified the +5 great sword of Bespelled Superiority
                  | {flame, rN+ Stlth+} (Trog gifted it to you in the Dungeon)
   662 | D        | Received a gift from Trog
   666 | D        | Killed a wandering mushroom
   688 | D        | Noticed a cane toad
   688 | D        | Noticed a komodo dragon
   688 | D        | Noticed a cane toad
   693 | D        | Killed a cane toad
   698 | D        | Killed a cane toad
   699 | D        | Reached XP level 10. HP: 88/115 MP: 9/9
   701 | D        | Reached skill level 14 in Unarmed Combat
   817 | D        | Received a gift from Trog
   893 | D        | Noticed an elephant
   893 | D        | Noticed an elephant
   896 | D        | Killed an elephant
   899 | D        | Noticed a dire elephant
   899 | D        | Noticed a dire elephant
   899 | D        | Noticed Gastronok
   905 | D        | Killed a dire elephant
   906 | D        | Reached skill level 15 in Unarmed Combat
   911 | D        | Killed a dire elephant
   911 | D        | Received a gift from Trog
   914 | D        | Killed an elephant
   922 | D        | Killed Gastronok
   923 | D        | Reached skill level 16 in Unarmed Combat
   923 | D        | Reached XP level 11. HP: 75/128 MP: 10/10
   978 | D        | Noticed an azure jelly
   978 | D        | Noticed an azure jelly
   978 | D        | Noticed an azure jelly
   979 | D        | Noticed an azure jelly
   988 | D        | HP: 3/192 [azure jelly (8)]
   988 | D        | Slain by an azure jelly

Illustrated notes

Levels and vault maps discovered:
D:        dungeon_sprint_mu [sprint_mu_entry_forest, sprint_mu_temple_rooms,
          sprint_mu_d1_horrors, sprint_mu_d2_genie, sprint_mu_d3_branching,
          sprint_mu_orc_legion, sprint_mu_elf_gauntlet, sprint_mu_hive_nellie,
          sprint_mu_lair_fedhas, sprint_mu_vaults_butterflies,
          sprint_mu_slime_circle, sprint_mu_shoals_archi,
          sprint_mu_snake_twists, sprint_mu_blade_basic,
          sprint_mu_crypt_fortress, sprint_mu_tomb_spiral,
          sprint_mu_vestibule_basic, sprint_mu_gehenna_hellfire,
          sprint_mu_dis_giant, sprint_mu_tartarus_statrot,
          sprint_mu_cocytus_islands, sprint_mu_zot1]

Skill      XL: |  1  2  3  4  5  6  7  8  9 10 |
---------------+-------------------------------+-----
Fighting       | 3 5 6 8 9 10 12 13 | 13.8
Dodging        | 3 5 6 8 9 10 11 13 | 13.6
Unarmed Combat | 4 6 7 10 12 13 16 | 16.0

Action                     |  1- 3 |  4- 6 |  7- 9 | 10-12 || total
---------------------------+-------+-------+-------+-------++-------
  Melee: Unarmed           |    21 |    13 |    72 |    47 ||   153
         Punch             |       |       |     4 |     8 ||    12
 Invoke: Berserk           |     1 |     1 |     1 |     2 ||     5
         Brothers in Arms  |       |       |       |     2 ||     2
 Armour: Animal skin       |     8 |    11 |       |       ||    19
         Robe              |       |       |    88 |    42 ||   130
  Dodge: Dodged            |    10 |     5 |    29 |    36 ||    80

Table legend: (Time is in decaauts)
 A = Elapsed time spent in this place.
 B = Non-inter-level travel time spent in this place.
 C = Inter-level travel time spent in this place.
 D = Time resting spent in this place.
 E = Time spent auto-exploring this place.
 F = Levels seen in this place.
 G = Mean time per level.
                   A        B        C        D        E       F      G
               +--------+--------+--------+--------+--------+-----+--------+
         Total |    995 |    965 |     30 |    443 |    118 |   1 |  995.0 |
       Dungeon |    995 |    965 |     30 |    443 |    118 |   1 |  995.0 |
               +--------+--------+--------+--------+--------+-----+--------+

Top non-repeatable levels by time:
       D: 995 daAuts
